 Dungeon Crawl Stone Soup version 0.27-a0-1431-gcffa5a9b16 (webtiles) character file.

Game seed: 2994504491407609720

43 unlimited1921 the Chiller (level 3, 0/19 HPs)
             Began as a Gargoyle Ice Elementalist on June 24, 2021.
             Slain by a sky beast (1 damage)
             ... on level 3 of the Dungeon on July 7, 2021.
             The game lasted 00:34:32 (1491 turns).

unlimited1921 the Chiller (GrIE)                    Turns: 1491, Time: 00:34:33

Health: 0/19       AC:  5    Str: 11    XL:     3   Next: 58%
Magic:  6/6        EV: 12    Int: 16    God:
Gold:   102        SH:  0    Dex: 10    Spells: 5/6 levels left

rFire    . . .     SeeInvis .   h - staff of conjuration
rCold    . . .     Faith    .   (no shield)
rNeg     + . .     Spirit   .   a - +0 robe
rPois    ∞         Reflect  .   (no helmet)
rElec    +         Harm     .   (no cloak)
rCorr    .         Rampage  .   (no gloves)
Will     +....                  (no boots)
Stlth    ++........             (no amulet)
HPRegen  0.06/turn              l - ring of willpower
MPRegen  0.10/turn              (no ring)

@: no status effects
A: sickness immunity, AC +3, negative energy resistance 1, electricity
resistance, torment resistance 1, petrification resistance
a: no special abilities


You were on level 3 of the Dungeon.
You visited 1 branch of the dungeon, and saw 3 of its levels.

You collected 102 gold pieces.

Inventory:

Hand Weapons
 f - a +1 dagger of venom
Missiles
 b - 3 javelins
 c - 29 bolts
 d - 39 arrows
 e - 59 stones
 k - 12 poisoned darts (quivered)
Armour
 a - a +0 robe (worn)
 m - a +0 ring mail
Magical Staves
 h - a staff of conjuration (weapon)
Jewellery
 l - a ring of willpower (left hand)
Scrolls
 g - a scroll of identify {unknown}
 i - a scroll of teleportation {unknown}
Potions
 j - a potion of heal wounds {unknown}


   Skills:
 + Level 1.2 Throwing
 * Level 2.0 Dodging
 + Level 2.1 Stealth
 + Level 2.0 Spellcasting
 + Level 4.6 Ice Magic


You had 5 spell levels left.
You knew the following spells:

 Your Spells              Type           Power      Damage    Failure   Level
a - Freeze                Ice            64%        1d8       3%          1

Your spell library contained the following spells:

 Spells                   Type           Power      Damage    Failure   Level
 Frozen Ramparts          Ice            32%        1d5       10%         3
 Ozocubu's Armour         Ice            16%        N/A       10%         3
 Hailstorm                Conj/Ice       13%        3d5       61%         4
 Metabolic Englaciation   Hex/Ice        4%         N/A       91%         5


Dungeon Overview and Level Annotations

Branches:
Dungeon (3/15)

Altars:


Innate Abilities, Weirdness & Mutations

You are immune to sickness and miasma.
Your stone body is resilient. (AC +3)
You are immune to poison.
You resist negative energy. (rN+)
You are resistant to electric shocks. (rElec)
You are resistant to unholy torment.
You are immune to petrification.


Message History

Welcome back, unlimited1921 the Gargoyle Ice Elementalist.
Press ? for a list of commands and other information.
Welcome back, unlimited1921 the Gargoyle Ice Elementalist.
Press ? for a list of commands and other information.
There is a stone staircase leading down here.
You climb downwards.
A sky beast and a hobgoblin come into view.
The hobgoblin shouts!
There is a stone staircase leading up here.
Found a stone staircase leading up.
A bat comes into view.
Throw: 13 darts (poison)
Press: ? - help, Q - select action, (/) - cycle Shift-Dir - straight line, f - sky beast
Aim: a sky beast (41% to hit)
You throw a poisoned dart.
The poisoned dart closely misses the sky beast.
The sky beast hits you. The sky beast shocks you. You resist.
The hobgoblin hits you.
You barely miss the sky beast. The sky beast hits you.
The sky beast shocks you. You resist. The hobgoblin barely misses you.
The bat hits you but does no damage. The sky beast barely misses you.
You hit the hobgoblin.
You kill the hobgoblin!
The bat hits you but does no damage.
The sky beast hits you but does no damage.
The bat hits you. The bat closely misses you.
The sky beast flickers out of sight!
Deactivating autopickup; reactivate with Ctrl-A.
Something hits you. Something shocks you. You resist.
The bat hits you but does no damage. The bat misses you.
A sky beast appears from thin air!
Reactivating autopickup.
The sky beast hits you.
* * * LOW HITPOINT WARNING * * *
The sky beast shocks you. You resist.
* * * LOW HITPOINT WARNING * * *
The sky beast hits you.
* * * LOW HITPOINT WARNING * * *
The sky beast shocks you. You resist.
You die...

##################
..................
.......<..........
..................
...........§......
.......b.@Y.......
...........§......
..................
..................
..................
...............<.
................
................


You could see a sky beast and a bat.

Vanquished Creatures
  2 dart slugs
  4 endoplasms
  A giant cockroach (D:1)
  3 goblins
  5 hobgoblins
  3 quokkas
  2 ball pythons (D:1)
  2 bats (D:1)
  A frilled lizard (D:1)
  6 kobolds
  8 rats
37 creatures vanquished.

Vanquished Creatures (others)
  2 plants (D:2)
2 creatures vanquished.

Grand Total: 39 creatures vanquished

Notes
Turn   | Place    | Note
-------+----------+-------------------------------------------
     0 | D:1      | unlimited1921 the Gargoyle Ice Elementalist began the quest
                  | for the Orb.
     0 | D:1      | Reached XP level 1. HP: 10/10 MP: 3/3
   128 | D:1      | Reached XP level 2. HP: 12/15 MP: 3/5
   680 | D:1      | Reached XP level 3. HP: 19/19 MP: 1/6
   753 | D:1      | Reached skill level 1 in Throwing
   976 | D:2      | Found a faded altar of an unknown god.
  1461 | D:2      | Upgraded the game from 0.27-a0-1325-g58a489ad9e to
                  | 0.27-a0-1431-gcffa5a9b16
  1481 | D:3      | Noticed a sky beast
  1491 | D:3      | Slain by a sky beast

Illustrated notes

Levels and vault maps discovered:
D:1:      roderic_dead_forest, layout_basic
D:2:      layout_basic, chequers_ecumenical_altar_simple, serial_forest,
          infiniplex_forest_clump_long, infiniplex_forest_clump_medium,
          infiniplex_forest_lined_4_way, infiniplex_forest_fountain,
          infiniplex_forest_straight_4
D:3:      layout_basic, roderic_roman_lattice

Skill      XL: |  1  2  3 |
---------------+----------+-----
Throwing       | 1 |  1.2
Dodging        | 2 |  2.0
Stealth        | |  2.1
Spellcasting   | |  2.0
Ice Magic      | |  4.6

Action                   || total
-------------------------++-------
Melee: Staff             ||    12
Throw: Javelin           ||    55
       Dart              ||    15
       Stone             ||     6
 Cast: Freeze            ||    24
Armor: Robe              ||    16
Dodge: Dodged            ||    21

Table legend: (Time is in decaauts)
 A = Elapsed time spent in this place.
 B = Non-inter-level travel time spent in this place.
 C = Inter-level travel time spent in this place.
 D = Time resting spent in this place.
 E = Time spent auto-exploring this place.
 F = Levels seen in this place.
 G = Mean time per level.
                   A        B        C        D        E       F      G
               +--------+--------+--------+--------+--------+-----+--------+
         Total |   1517 |    475 |   1042 |     73 |     55 |   3 |  505.7 |
       Dungeon |   1517 |    475 |   1042 |     73 |     55 |   3 |  505.7 |
               +--------+--------+--------+--------+--------+-----+--------+

Top non-repeatable levels by time:
     D:1: 868 daAuts
     D:2: 639 daAuts
     D:3: 10 daAuts
